 Dungeon Crawl Stone Soup version 0.23-a0-586-gacb4b3f (webtiles) character file.

140 zishaf the Skirmisher (level 5, 0/43 HPs)
             Began as a Hill Orc Monk on Dec 20, 2018.
             Succumbed to an adder's poison
             ... in a sewer.
             The game lasted 00:04:19 (1919 turns).

zishaf the Skirmisher (Hill Orc Monk)               Turns: 1919, Time: 00:04:19

Health: 0/43       AC:  6    Str: 15    XL:     5   Next: 23%
Magic:  5/5        EV:  8    Int: 10    God:
Gold:   88         SH:  8    Dex: 15    Spells: 4/4 levels left

rFire    . . .     SeeInvis .   a - +0 spear
rCold    . . .     Gourm    .   p - +0 shield
rNeg     . . .     Faith    .   h - +0 scale mail
rPois    .         Spirit   .   (no helmet)
rElec    .         Reflect  .   (no cloak)
rCorr    .         Harm     .   (no gloves)
MR       .....     Rnd*Rage +   (no boots)
Stlth    +.........             (no amulet)
HPRegen  0.14/turn              (no ring)
MPRegen  0.09/turn              (no ring)

@: lethally poisoned (0 -> -14), flying
A: agile 1, berserk 1, frail 1, wild magic 1
a: no special abilities


You were in a sewer.
You were not hungry.

You visited 1 branch of the dungeon, and saw 3 of its levels.
You also visited: Sewer.

You collected 88 gold pieces.

Inventory:

Hand Weapons
 a - a +0 spear (weapon)
Armour
 b - a +0 robe
 h - a +0 scale mail (worn)
 p - a +0 shield (worn)
Scrolls
 f - a scroll of enchant armour {unknown}
 g - a scroll of noise {unknown}
 k - 2 scrolls of teleportation {unknown}
 l - 2 scrolls of identify {unknown}
 m - a scroll of fear {unknown}
 n - a scroll of remove curse {unknown}
 q - a scroll of random uselessness {unknown}
Potions
 r - a potion of brilliance {unknown}
Comestibles
 c - 7 rations
 d - 5 chunks of flesh


   Skills:
 * Level 5.0 Fighting
 + Level 4.0 Polearms
 + Level 1.9 Armour
 - Level 3.0 Dodging
 - Level 1.5 Stealth
 + Level 1.2 Shields


You had 4 spell levels left.
You didn't know any spells.
Your spell library contained the following spells:

 Spells                   Type           Power        Failure   Level  Hunger
 Animate Skeleton         Necr           N/A          100%        1    ##.....
 Apportation              Tloc           #.....       100%        1    ##.....
 Confusing Touch          Hex            #.....       100%        1    ##.....
 Summon Small Mammal      Summ           #...         100%        1    ##.....


Dungeon Overview and Level Annotations

Branches:
Dungeon (3/15)

Altars:


Innate Abilities, Weirdness & Mutations

You are agile. (Dex +2)
You tend to lose your temper in combat.
You are frail. (-10% HP)
Your spells are a little harder to cast, but a little more powerful.


Message History

The adder bites you.
* * * LOW HITPOINT WARNING * * *
The adder barely misses you.
You miss the adder.
The adder is severely wounded.
You feel sick. You block the adder's attack. The adder barely misses you.
The adder bites you.
* * * LOW HITPOINT WARNING * * *
You block the adder's attack.
You hit the adder.
The adder is severely wounded.
* * * LOW HITPOINT WARNING * * *
You feel sick. The adder bites you but does no damage.
You block the adder's attack. The adder barely misses you. The adder bites you.
* * * LOW HITPOINT WARNING * * *
You are more poisoned.
The adder poisons you!
You miss the adder.
The adder is severely wounded.
You die...

#≈≈≈≈≈≈#
#≈≈≈≈
#≈≈≈≈≈≈#
#≈≈≈≈
#≈≈≈≈≈≈#
#≈≈≈≈
#≈≈≈≈≈≈#
#≈≈≈≈
#≈#≈≈≈≈#
#≈≈≈≈
#≈≈#≈≈≈#
#≈≈≈≈
#S≈≈≈≈≈#
#≈≈≈≈
#SSr≈≈≈#
#≈≈≈≈
#@S≈≈≈≈#
#≈≈≈≈
#≈≈≈≈≈≈#
#≈.÷#
#≈≈≈≈≈≈#
#≈÷÷≈
#≈≈≈≈≈≈#
#≈≈÷≈
#≈≈≈≈≈≈#
#≈≈≈≈
#≈≈≈≈≈≈#
#≈≈≈≈
#≈≈≈≈≈≈#
#≈≈≈≈
##≈.≈≈##
#.≈≈.
#......##
##.÷..


You could see 3 adders, a ball python and a rat.

Vanquished Creatures
  2 adders
  4 river rats
  3 oozes
  2 dart slugs
  5 leopard geckos
  An orc (D:3)
  5 bats
  3 giant cockroaches (D:1)
  6 goblins
  6 hobgoblins
  A quokka (D:2)
  2 ball pythons (D:2)
  A frilled lizard (D:2)
  5 kobolds
  20 rats
66 creatures vanquished.

Notes
Turn   | Place    | Note
-------+----------+-------------------------------------------
     0 | D:1      | zishaf the Hill Orc Monk began the quest for the Orb.
     0 | D:1      | Reached XP level 1. HP: 19/19 MP: 1/1
   191 | D:1      | Reached XP level 2. HP: 19/27 MP: 2/2
   197 | D:1      | Reached skill level 4 in Fighting
   444 | D:1      | Reached skill level 1 in Armour
   518 | D:1      | Reached XP level 3. HP: 33/33 MP: 3/3
  1276 | D:3      | Reached XP level 4. HP: 41/41 MP: 4/4
  1649 | D:3      | Found a glowing drain.
  1653 | Sewer    | Entered a sewer
  1771 | Sewer    | Reached skill level 1 in Shields
  1808 | Sewer    | Reached XP level 5. HP: 46/47 MP: 5/5
  1812 | Sewer    | Reached skill level 5 in Fighting
  1898 | Sewer    | Gained mutation: You tend to lose your temper in combat.
                  | [potion of mutation]
  1898 | Sewer    | Gained mutation: Your spells are a little harder to cast,
                  | but a little more powerful. [potion of mutation]
  1898 | Sewer    | Gained mutation: You are frail. (-10% HP) [potion of
                  | mutation]
  1898 | Sewer    | Gained mutation: You are agile. (Dex +2) [potion of
                  | mutation]
  1918 | Sewer    | HP: 1/43 [adder (4)]
  1919 | Sewer    | Succumbed to an adder's poison

Vault maps used:
D:1:      minmay_arrival_jagged
D:2:      first_ration, minmay_pentomino_z2
D:3:      gup_sewer_entry_spiral, grunt_dithmenos_smoke_and_mirrors
Sewer:    sewer_minmay_w

Skill      XL: |  1  2  3  4  5 |
---------------+----------------+-----
Fighting       | 4 5 |  5.0
Armour         | 1 |  1.9
Dodging        | 3 |  3.0
Shields        | 1 |  1.2
Polearms       | 4 |  4.0
Stealth        | |  1.5

Action                   |  1- 3 |  4- 6 || total
-------------------------+-------+-------++-------
Melee: Spear             |   156 |   166 ||   322
  Use: Scroll            |     2 |       ||     2
       Potion            |       |     4 ||     4
  Eat: Chunk             |     1 |     3 ||     4
Armor: Robe              |    15 |       ||    15
       Scale mail        |    22 |    68 ||    90
Dodge: Dodged            |    73 |    67 ||   140
Block: Shield            |     1 |    78 ||    79

Table legend:
 A = Non-vault XP
 B = Vault XP
 C = Vault XP percentage of total XP
 D = Non-vault monster count
 E = Vault monster count
 F = Vault count percentage of total count
                 A         B        C        D         E       F
            +---------+---------+-------+---------+---------+-------
      Total |     106 |      95 |  47.3 |      44 |      22 |  33.3
            +---------+---------+-------+---------+---------+-------
        D:1 |      56 |       0 |   0.0 |      27 |       0 |   0.0
        D:2 |      23 |       0 |   0.0 |      13 |       0 |   0.0
        D:3 |      27 |      35 |  56.5 |       4 |       6 |  60.0
      Sewer |       0 |      60 | 100.0 |       0 |      16 | 100.0
            +---------+---------+-------+---------+---------+-------
